 Dungeon Crawl Stone Soup version 0.17.0 (webtiles) character file.

278109 Ultraviolent4 the Stormcaller (level 19, -5/137 HPs)
             Began as a High Elf Earth Elementalist on Nov 21, 2015.
             Was the Champion of Sif Muna.
             Shot with a bolt by a yaktaur captain (29 damage)
             ... on level 1 of the Vaults.
             The game lasted 03:24:16 (72556 turns).

Ultraviolent4 the Stormcaller (HEEE)               Turns: 72556, Time: 03:24:16

Health: -5/137     AC: 15    Str:  8 (10) XL:     19   Next: 62%
Magic:  2/38       EV: 22    Int: 25 (27) God:    Sif Muna [******]
Gold:   1843       SH:  0    Dex: 18      Spells: 9 memorised, 5 levels left

rFire  . . .     SeeInvis .     a - +6 great sword of the Manifold Blessings {drain, +Fly rElec Int-2 Dex+3}
rCold  + . .     Clarity  .     U - +2 robe {Archmagi}
rNeg   . . .     SustAt   .     (shield currently unavailable)
rPois  .         Gourm    .     R - +2 hat {MR+}
rElec  +         Spirit   .     V - +0 cloak
rCorr  .         Warding  .     p - +2 pair of gloves {Str+3}
rMut   .         Stasis   .     (no boots)
MR     ++...                    x - amulet of regeneration
Stlth  ++........               E - ring of wizardry
                                q - ring of wizardry

@: about to teleport, very slightly contaminated, regenerating, hasted, very
quick, very resistant to hostile enchantments, unstealthy
A: molten scales 1, rough black scales 1, cold resistance 1, deterioration 1
a: Channel Energy, Forget Spell, Renounce Religion, Evoke Flight
}: 2/15 runes: serpentine, barnacled


You were on level 1 of the Vaults.
You worshipped Sif Muna.
Sif Muna was exalted by your worship.
You were near starving.

You visited 6 branches of the dungeon, and saw 36 of its levels.
You also visited: Labyrinth.

You collected 3772 gold pieces.
You spent 1929 gold pieces at shops.

Inventory:

Hand Weapons
 a - the +6 great sword of the Manifold Blessings (weapon) {drain, +Fly rElec Int-2 Dex+3}
   (You found it on level 8 of the Dungeon)

   A truly terrible weapon, it drains the life of those it strikes.
   It affects your intelligence (-2).
   It affects your dexterity (+3).
   It insulates you from electricity.
   It lets you fly.
 w - a +0 blowgun
Missiles
 s - 13 curare-tipped needles
 t - 2 tomahawks of dispersal (quivered)
 P - 10 throwing nets
Armour
 p - a +2 pair of gloves of strength (worn)
 K - a +2 mottled dragon armour
 R - a +2 hat of magic resistance (worn)
 U - a +2 robe of the Archmagi (worn)
 V - a +0 cloak (worn)
Magical Staves
 b - an uncursed staff of energy
 Q - an uncursed staff of air
 T - an uncursed staff of wizardry
Jewellery
 q - a ring of wizardry (left hand)
 v - the ring of Shadows {Umbra +Inv rN+ SInv}
   (You found it on level 13 of the Dungeon)

   [ring of invisibility]

   It protects you from negative energy.
   It lets you see invisible.
   It lets you turn invisible.
 x - an amulet of regeneration (around neck)
 A - an uncursed ring of ice
 C - an uncursed ring of magical power
 E - a ring of wizardry (right hand)
 I - an uncursed amulet of resist corrosion
 M - an uncursed ring of poison resistance
 N - an uncursed amulet of resist mutation
Wands
 o - a wand of disintegration (15)
 y - a wand of teleportation (6)
 z - a wand of confusion (27)
 L - a wand of teleportation (5)
 Y - a wand of digging (20)
Scrolls
 g - 8 scrolls of teleportation
 B - 6 scrolls of magic mapping
 D - 12 scrolls of remove curse
 H - 9 scrolls of enchant weapon
 O - 6 scrolls of recharging
Potions
 c - a potion of flight
 e - a potion of resistance
 i - 2 potions of agility
 k - 8 potions of curing
 l - 2 potions of haste
 m - 5 potions of might
 n - 2 potions of berserk rage
 u - 2 potions of magic
 F - 6 potions of brilliance
 X - a potion of cure mutation
 Z - 2 potions of cancellation
Books
 h - Sif Muna's Handbook of Helpful Combat Magic
   (Sif Muna gifted it to you on level 4 of the Snake Pit)

   Spells                             Type                      Level
   a - Flame Tongue                   Conjuration/Fire             1
   b - Shroud of Golubria             Charms/Translocation         2
   c - Repel Missiles                 Charms/Air                   2
   d - Ozocubu's Armour               Charms/Ice                   3
   e - Fireball                       Conjuration/Fire             5
   f - Orb of Destruction             Conjuration                  7
Comestibles
 d - 15 bread rations
 f - 12 beef jerkies
 j - 3 royal jellies
 r - 3 slices of pizza
 G - a meat ration


   Skills:
 + Level 14.6 Fighting
   Level 6.6(13.4) Short Blades
 - Level 17.7(18.1) Long Blades
 - Level 12.6 Dodging
 - Level 2.1 Stealth
 - Level 14.5 Spellcasting
 - Level 8.4 Conjurations
 - Level 13.7 Charms
   Level 1.1 Transmutations
 * Level 20.7 Air Magic
   Level 2.4 Earth Magic


You had 5 spell levels left.
You knew the following spells:

 Your Spells              Type           Power        Failure   Level  Hunger
a - Airstrike             Air            ########..   0%          4    None
d - Freezing Cloud        Conj/Ice/Air   #######...   3%          6    ####...
e - Deflect Missiles      Chrm/Air       ########..   1%          6    ####...
q - Regeneration          Chrm/Necr      ######....   1%          3    None
s - Haste                 Chrm           #######.     1%          6    ####...
v - Spectral Weapon       Hex/Chrm       ######..     1%          3    None
w - Shroud of Golubria    Chrm/Tloc      ######....   1%          2    None
x - Tornado               Air            ########..   17%         9    #######
z - Ozocubu's Armour      Chrm/Ice       ######..     1%          3    None


Dungeon Overview and Level Annotations

Branches:
Dungeon (15/15)            Temple (0/1) D:7            Lair (8/8) D:9
 Shoals (4/4) Lair:6        Snake (4/4) Lair:6        Slime (0/6) Lair:8
    Orc (4/4) D:12            Elf (0/3) Orc:4        Vaults (1/5) D:13
 Depths (0/5) D:15

Altars:
Ashenzari
Cheibriados
Elyvilon
Fedhas
Gozag
Kikubaaqudgha
Nemelex Xobeh
Okawaru
Qazlal
Sif Muna
Trog
Vehumet
Xom
Beogh

Shops:
D:4 =   D:12 [(   Orc:2 *   Orc:4 *[=(**   Snake:3 (

Portals:
Trove: D:14 (give 2 potions of cure mutation)

Annotations:
D:4 edsrzf's ghost, amateur VSAs
Snake:1 exclusion: Roxanne, Roxanne


Innate Abilities, Weirdness & Mutations

You are partially covered in molten scales (AC +1).
You are partially covered in rough black scales (AC +4, Dex -1).
Your flesh is cold resistant.
Your body sometimes deteriorates upon taking damage.


Message History

Okay, then.
Drink which item? (? for menu, Esc to quit)
Okay, then.
Read which item? (? for menu, Esc to quit)
Okay, then.
Drink which item? (? for menu, Esc to quit)
Okay, then.
Drink which item? (? for menu, Esc to quit)
Okay, then.
Drink which item? (? for menu, Esc to quit)
Okay, then.
Read which item? (? for menu, Esc to quit)
You can't read that!
Unknown command.
Read which item? (? for menu, Esc to quit)
As you read the scroll of teleportation, it crumbles to dust.
You feel strangely unstable.
The two-headed ogre completely misses you. x2
The yaktaur captain shoots a bolt.
The bolt hits you!!
You die...

#......#(..#
#######......#...#
......#......#...#
......#......#...#
......#......#...#
......#).....#...#
.....pu..((.(#...#
.....u#..†÷..#...#
......######(#..@#
...†........†.cTO#
.u..........†..O.#
.............(...#
.#########.......#
. #...(...#
#..)....#
#.......#
#.......#


You could see a yaktaur captain, an ogre mage, a deep troll and a two-headed
ogre.

Vanquished Creatures
  Mara (Snake:4)
  Rupert (Orc:3)
  Polyphemus (Shoals:2)
  Gastronok (D:10)
  Kirke (Shoals:1)
  A tengu reaver (Vaults:1)
  Ilsuiw (Shoals:4)
  5 greater nagas (Snake:4)
  Maud (D:12)
  A deep elf sorcerer (Vaults:1)
  An orc warlord (Orc:4)
  2 vault wardens (Vaults:1)
  5 ironheart preservers (Vaults:1)
  2 stone giants
  The ghost of angusg the Peltast, a journeyman MiFi of Trog (Snake:1)
  Nessos (D:13)
  A salamander stormcaller (D:14)
  A dire elephant (D:15)
  6 merfolk javelineers
  5 merfolk impalers
  Erolcha (D:12)
  A fire dragon (Vaults:1)
  6 vault guards
  A minotaur (Lab)
  Fannar (Lair:1)
  17 naga warriors
  12 hydras
  A catoblepas (Shoals:2)
  4 merfolk avatars
  A deep troll earth mage (Vaults:1)
  2 alligator snapping turtles
  7 anacondas
  4 centaur warriors
  6 satyrs
  5 merfolk aquamancers
  3 tengu warriors
  13 death yaks
  17 naga sharpshooters
  An ogre mage (Vaults:1)
  A queen ant (Lair:5)
  6 shock serpents
  2 orc high priests (Orc:4)
  A shock serpent (shapeshifter) (D:15)
  22 sea snakes
  2 unseen horrors
  A flayed ghost (Vaults:1)
  10 naga ritualists
  5 deep trolls (Vaults:1)
  A deep elf summoner (Orc:4)
  6 orc knights
  A necromancer (Vaults:1)
  6 oklob plants
  10 hill giants
  11 ugly things
  12 harpies
  13 cyclopes
  25 fauns
  5 water nymphs
  5 orc sorcerers
  A wolf spider (D:15)
  4 ironbrand convokers (Vaults:1)
  A hornet (Vaults:1)
  10 manticores
  10 griffons
  10 salamanders
  42 black mambas
  17 mana vipers
  4 elephants (Lair:2)
  11 sirens
  13 spiny frogs
  3 guardian serpents
  5 centaur skeletons
  A gargoyle (D:15)
  2 vault sentinels (Vaults:1)
  4 kobold demonologists
  21 naga magi
  3 komodo dragons
  An efreet (D:14)
  A yaktaur (Vaults:1)
  3 fire drakes
  2 spriggan druids (Lair:8)
  25 merfolk
  A tengu conjurer (D:13)
  14 trolls
  A freezing wraith (Vaults:1)
  9 polar bears
  A deep elf priest (Vaults:1)
  7 wind drakes
  8 slime creatures
  5 two-headed ogres
  21 blink frogs
  A hornet zombie (D:12)
  A shadow (D:12)
  6 redbacks
  16 snapping turtles
  Sigmund (D:5)
  The ghost of edsrzf the Sneak, an amateur VSAs (D:5)
  6 wyverns
  9 spriggans (Lair:8)
  3 deep elf fighters
  4 deep elf magi
  Eustachio (D:3)
  14 water elementals
  A hungry ghost (D:14)
  4 hogs (Shoals:1)
  62 yaks
  A human (D:13)
  5 basilisks
  6 wargs
  Menkaure (D:5)
  4 mottled dragons
  16 vampire mosquitoes
  10 hippogriffs
  32 wolves
  32 orc warriors
  5 soldier ants (Lair:5)
  20 water moccasins
  4 ice beasts
  41 nagas
  7 black bears
  The ghost of Shadara the Ducker, an amateur FeBe of Trog (D:5)
  12 porcupines
  4 wasps
  6 necrophages (Lair:3)
  9 crocodiles
  2 eyes of draining
  4 phantoms
  7 sky beasts
  17 centaurs
  16 ogres
  3 big kobolds
  Blork the orc (D:8)
  23 giant frogs
  2 brain worms
  2 scorpions
  11 killer bees
  A wyvern skeleton (D:9)
  A water moccasin skeleton (D:6)
  5 electric eels
  4 centaur zombies
  6 crimson imps
  28 orc wizards
  3 hounds
  27 orc priests
  7 iguanas
  Jessica (D:3)
  12 jellies
  A giant frog skeleton (D:5)
  24 worker ants
  18 sheep
  3 hound zombies
  2 hound skeletons
  4 gnolls (D:2)
  18 adders
  78 river rats
  4 shadow imps
  7 oozes
  2 worms (D:2)
  3 adder skeletons
  An adder zombie (D:6)
  5 giant geckos
  165 orcs
  A ball python (D:3)
  7 giant cockroaches
  5 hobgoblins
  17 jackals
  14 kobolds
  6 bats
  A giant cockroach zombie (D:6)
  6 giant newts
  15 goblins
  2 quokkas
  7 rats
  3 plants
1496 creatures vanquished.

Vanquished Creatures (others)
  A faun (Shoals:1)
  A komodo dragon (Lair:8)
  2 humans (Shoals:2)
  A naga (Snake:4)
  An orc (Orc:4)
  37 fungi
  63 plants
  2 spectral weapons
108 creatures vanquished.

Grand Total: 1604 creatures vanquished

Notes
Turn   | Place    | Note
--------------------------------------------------------------
     0 | D:1      | Ultraviolent4 the High Elf Earth Elementalist began the quest for the Orb.
     0 | D:1      | Reached XP level 1. HP: 11/11 MP: 4/4
   333 | D:1      | Reached XP level 2. HP: 17/17 MP: 4/6
   336 | D:1      | Reached skill level 3 in Spellcasting
  1425 | D:2      | Reached XP level 3. HP: 14/21 MP: 2/9
  1596 | D:2      | Learned a level 3 spell: Stone Arrow
  2314 | D:2      | Reached skill level 1 in Short Blades
  2360 | D:2      | Found a snail-covered altar of Cheibriados.
  2606 | D:2      | Reached skill level 1 in Conjurations
  2606 | D:2      | Reached XP level 4. HP: 27/27 MP: 8/10
  3021 | D:2      | Reached skill level 4 in Spellcasting
  3604 | D:2      | HP: 1/27 [poisoned by a kobold]
  4062 | D:3      | Noticed Jessica
  4069 | D:3      | Killed Jessica
  4069 | D:3      | Reached XP level 5. HP: 31/31 MP: 5/12
  4657 | D:4      | Noticed edsrzf's ghost (amateur VSAs)
  4657 | D:4      | Noticed Eustachio
  5029 | D:3      | Killed Eustachio
  5029 | D:3      | Reached XP level 6. HP: 32/36 MP: 3/14
  5118 | D:4      | Noticed a phantom
  5146 | D:3      | Killed a phantom
  5377 | D:4      | Found Curet's Jewellery Emporium.
  5430 | D:4      | Reached skill level 5 in Spellcasting
  5471 | D:4      | Reached XP level 7. HP: 36/41 MP: 15/15
  5818 | D:5      | Entered Level 5 of the Dungeon
  6092 | D:5      | Noticed Sigmund
  6107 | D:5      | Killed Sigmund
  6107 | D:5      | Reached skill level 5 in Conjurations
  6135 | D:5      | Found a blossoming altar of Fedhas.
  6137 | D:5      | Found an ancient bone altar of Kikubaaqudgha.
  6165 | D:5      | Noticed Shadara's ghost (amateur FeBe)
  6169 | D:5      | Killed Shadara's ghost
  6169 | D:5      | Reached skill level 5 in Dodging
  6269 | D:5      | Noticed a yak
  6273 | D:5      | Killed a yak
  6273 | D:5      | Reached XP level 8. HP: 46/46 MP: 6/17
  6434 | D:5      | Reached skill level 5 in Short Blades
  6434 | D:5      | Reached skill level 6 in Conjurations
  6601 | D:5      | Noticed Menkaure
  6670 | D:5      | Killed Menkaure
  6733 | D:5      | Killed edsrzf's ghost
  6733 | D:5      | Reached skill level 7 in Conjurations
  7124 | D:5      | Reached XP level 9. HP: 39/51 MP: 0/20
  7336 | D:6      | Found a bloodstained altar of Trog.
  7415 | D:6      | Reached skill level 8 in Conjurations
  7766 | D:6      | Got a polished trident
  7767 | D:6      | Identified the +2 trident "Yshrizoa" {speed, rElec rF+} (You found it on level 6 of the Dungeon)
  7820 | D:6      | Found a sparkling altar of Nemelex Xobeh.
  7910 | D:6      | Reached skill level 1 in Fighting
  8410 | D:7      | Found a stormy altar of Qazlal.
  8426 | D:7      | Found a deep blue altar of Sif Muna.
  8429 | D:7      | Found a shattered altar of Ashenzari.
  8429 | D:7      | Found a shimmering altar of Xom.
  8431 | D:7      | Became a worshipper of Sif Muna the Loreminder
  8433 | D:7      | Found a radiant altar of Vehumet.
  8438 | D:7      | Found a snail-covered altar of Cheibriados.
  8572 | D:7      | Found a staircase to the Ecumenical Temple.
  8633 | D:7      | Found an opulent altar of Gozag.
  9321 | D:8      | Reached XP level 10. HP: 48/65 MP: 3/23
  9678 | D:8      | Got a dazzling great sword
  9679 | D:8      | Identified the +6 great sword of the Manifold Blessings {drain, +Fly rElec Int-2 Dex+3} (You found it on level 8 of the Dungeon)
  9866 | D:8      | Reached skill level 5 in Fighting
  9866 | D:8      | Reached skill level 1 in Long Blades
 10477 | D:8      | Noticed Blork the orc
 10488 | D:8      | Killed Blork the orc
 10577 | D:8      | Found a deep blue altar of Sif Muna.
 11298 | D:9      | Noticed a hill giant
 11305 | D:9      | Killed a hill giant
 11305 | D:9      | Reached skill level 5 in Long Blades
 11437 | D:9      | Found a staircase to the Lair.
 11654 | D:9      | Reached skill level 9 in Spellcasting
 12128 | D:6      | Reached * piety under Sif Muna
 12220 | D:4      | Bought an uncursed ring of poison resistance for 280 gold pieces
 12331 | D:10     | Entered Level 10 of the Dungeon
 13072 | D:10     | Noticed Gastronok
 13381 | D:10     | Killed Gastronok
 13381 | D:10     | Reached XP level 11. HP: 55/74 MP: 18/25
 13484 | D:10     | Noticed a hill giant
 13497 | D:10     | Killed a hill giant
 13803 | D:10     | Learned a level 4 spell: Airstrike
 13822 | D:10     | Reached skill level 1 in Air Magic
 14197 | D:11     | Noticed a hill giant
 14203 | D:11     | Killed a hill giant
 14372 | D:10     | Reached skill level 10 in Spellcasting
 14495 | D:10     | Reached ** piety under Sif Muna
 14946 | D:11     | Noticed an eight-headed hydra
 14960 | D:11     | Killed an eight-headed hydra
 15714 | D:11     | Noticed a tengu warrior
 15765 | D:11     | Killed a tengu warrior
 15765 | D:11     | Reached skill level 5 in Air Magic
 15915 | D:11     | Reached XP level 12. HP: 43/81 MP: 6/27
 16102 | D:12     | Noticed Erolcha
 16112 | D:12     | Killed Erolcha
 16268 | D:12     | Noticed Maud
 16317 | D:12     | Killed Maud
 16317 | D:12     | Reached skill level 10 in Long Blades
 16341 | D:12     | Reached skill level 10 in Dodging
 16541 | D:12     | Reached *** piety under Sif Muna
 16682 | Lair:1   | Entered Level 1 of the Lair of Beasts
 16825 | Lair:1   | Reached skill level 11 in Spellcasting
 16923 | Lair:1   | Learned a level 6 spell: Deflect Missiles
 17088 | Lair:1   | Found an iron altar of Okawaru.
 17656 | Lair:2   | Noticed Fannar
 17681 | Lair:1   | Killed Fannar
 17681 | Lair:1   | Reached skill level 1 in Charms
 17840 | Lair:2   | Noticed an eight-headed hydra
 18844 | Lair:2   | Killed an eight-headed hydra
 18844 | Lair:2   | Reached XP level 13. HP: 73/89 MP: 1/29
 19402 | Lair:3   | Reached **** piety under Sif Muna
 20653 | Lair:4   | Found a labyrinth entrance.
 20662 | Lab      | Entered a labyrinth
 22053 | Lair:5   | Reached skill level 12 in Long Blades
 22245 | Lair:5   | Reached ***** piety under Sif Muna
 22707 | Lair:5   | Got a fine scale mail
 23088 | Lair:5   | Gained mutation: Your flesh is cold resistant. [potion of mutation]
 23088 | Lair:5   | Gained mutation: You are partially covered in molten scales (AC +1). [potion of mutation]
 23088 | Lair:5   | Gained mutation: Your body sometimes deteriorates upon taking damage. [potion of mutation]
 23164 | Lair:5   | Reached skill level 5 in Charms
 24001 | Lair:6   | Found a staircase to the Shoals.
 24271 | Lair:6   | Found a staircase to the Snake Pit.
 24589 | Lair:6   | Reached skill level 10 in Air Magic
 25675 | Lair:6   | Got a smoking great sword
 25676 | Lair:6   | Identified the cursed +0 great sword of Leggusick {pain, *Noise +Blink rN++} (You found it on level 6 of the Lair of Beasts)
 26355 | Lair:7   | Reached XP level 14. HP: 97/97 MP: 10/30
 27781 | Lair:8   | Entered Level 8 of the Lair of Beasts
 27878 | Lair:8   | Found a staircase to the Slime Pits.
 28027 | Lair:8   | Reached skill level 13 in Long Blades
 29926 | Lair:8   | Learned a level 6 spell: Freezing Cloud
 30487 | Lair:8   | Reached ****** piety under Sif Muna
 30634 | Lair:8   | Received a gift from Sif Muna
 30638 | Lair:8   | Identified Sif Muna's Incunabulum of Creative Boosts (Sif Muna gifted it to you on level 8 of the Lair of Beasts)
 30647 | Lair:8   | Learned a level 6 spell: Haste
 32105 | Lair:8   | Reached skill level 14 in Long Blades
 32423 | Lair:8   | Reached skill level 10 in Fighting
 33197 | Lair:6   | Reached XP level 15. HP: 103/103 MP: 3/32
 33287 | Lair:5   | You fall through a shaft for 3 floors!
 33955 | D:12     | Found Ijecod Eghyp's Armour Emporium.
 33955 | D:12     | Found a staircase to the Orcish Mines.
 33956 | D:12     | Found Moqadeoq's Weapon Emporium.
 34818 | Orc:1    | Entered Level 1 of the Orcish Mines
 34818 | Orc:1    | Found a roughly hewn altar of Beogh.
 35314 | Orc:2    | Found Bomed's Bounteous Boutique.
 35322 | Orc:2    | Bought a book of Battle for 680 gold pieces
 35326 | Orc:2    | Learned a level 3 spell: Regeneration
 35329 | Orc:2    | Learned a level 2 spell: Shroud of Golubria
 35459 | Orc:2    | Learned a level 3 spell: Spectral Weapon
 36936 | Orc:4    | Entered Level 4 of the Orcish Mines
 36937 | Orc:4    | Found Zuabyre's Assorted Antiques.
 36937 | Orc:4    | Noticed Rupert
 37079 | Orc:3    | Killed Rupert
 37417 | Orc:4    | Bought a peridot ring for 170 gold pieces
 37708 | Orc:4    | Received a gift from Sif Muna
 37713 | Orc:4    | Identified Sif Muna's Tome of Flying Aid (Sif Muna gifted it to you on level 4 of the Orcish Mines)
 37726 | Orc:4    | Found Xautzal's Antique Weapon Emporium.
 37853 | Orc:4    | Found Duycash's Assorted Antiques.
 37863 | Orc:4    | Bought a large jade amulet for 130 gold pieces
 37863 | Orc:4    | Bought a dark potion for 23 gold pieces
 37876 | Orc:4    | Bought a scroll of identify for 52 gold pieces
 37928 | Orc:4    | Found Metojo Ewoph's Antique Armour Shop.
 38165 | Orc:4    | Found Ejoggaocko's Jewellery Shoppe.
 38184 | Orc:4    | Bought an uncursed ring of magical power for 320 gold pieces
 38184 | Orc:4    | Bought an uncursed ring of see invisible for 240 gold pieces
 38368 | Orc:4    | Found Tagistuphe's General Store.
 39046 | Orc:4    | Found a staircase to the Elven Halls.
 39773 | Snake:1  | Entered Level 1 of the Snake Pit
 40403 | Snake:1  | Noticed angusg's ghost (journeyman MiFi)
 40644 | Snake:1  | Killed angusg's ghost
 40888 | Snake:1  | Reached skill level 10 in Charms
 41131 | Snake:1  | Noticed Roxanne
 41853 | Snake:1  | Reached skill level 15 in Long Blades
 44130 | Snake:2  | Reached XP level 16. HP: 109/111 MP: 4/34
 44637 | Snake:2  | Got an ichor-stained scale mail
 44675 | Snake:2  | Found a shattered altar of Ashenzari.
 47384 | Snake:3  | Found a white marble altar of Elyvilon.
 47510 | Snake:3  | Found Deciut's Weapon Shop.
 47518 | Snake:3  | Bought 3 curare-tipped needles for 34 gold pieces
 47594 | Snake:3  | Received a gift from Sif Muna
 48065 | Snake:4  | Entered Level 4 of the Snake Pit
 48499 | Snake:4  | Reached skill level 16 in Long Blades
 51522 | Snake:4  | Reached XP level 17. HP: 117/117 MP: 2/35
 51607 | Snake:4  | Noticed Mara
 51610 | Snake:4  | Noticed Ultraviolent4's illusion
 52191 | Snake:4  | Reached skill level 15 in Air Magic
 52426 | Snake:4  | Received a gift from Sif Muna
 52427 | Snake:4  | Identified Sif Muna's Handbook of Helpful Combat Magic (Sif Muna gifted it to you on level 4 of the Snake Pit)
 52432 | Snake:4  | Learned a level 3 spell: Ozocubu's Armour
 53761 | Snake:4  | Got a serpentine rune of Zot
 53866 | Snake:4  | Killed Mara
 54114 | Snake:3  | Reached skill level 17 in Long Blades
 54341 | Shoals:1 | Entered Level 1 of the Shoals
 54345 | Shoals:1 | Noticed Kirke
 54357 | Shoals:1 | Killed Kirke
 56791 | Shoals:2 | Noticed Polyphemus
 57486 | Shoals:2 | Received a gift from Sif Muna
 57488 | Shoals:2 | Identified Sif Muna's Guide on Combat Magic and Venom (Sif Muna gifted it to you on level 2 of the Shoals)
 58380 | Shoals:2 | Killed Polyphemus
 59228 | Shoals:3 | Reached XP level 18. HP: 112/126 MP: 26/37
 61327 | Shoals:4 | Entered Level 4 of the Shoals
 61460 | Shoals:4 | Noticed Ilsuiw
 63051 | Shoals:4 | Received a gift from Sif Muna
 63193 | Shoals:4 | Gained mutation: You are partially covered in rough black scales (AC +4, Dex -1). [potion of beneficial mutation]
 63427 | Shoals:4 | Reached skill level 18 in Air Magic
 63769 | Shoals:4 | Killed Ilsuiw
 63809 | Shoals:4 | Got a jewelled leather armour
 64276 | Shoals:4 | Got a barnacled rune of Zot
 65330 | D:13     | Noticed a centaur warrior
 65336 | D:13     | Killed a centaur warrior
 65543 | D:13     | Noticed a vault guard
 65682 | D:13     | Killed a vault guard
 65897 | D:13     | Noticed a vault guard
 65907 | D:13     | Noticed a vault guard
 65939 | D:13     | Killed a vault guard
 65952 | D:13     | Killed a vault guard
 66121 | D:13     | Noticed Nessos
 66141 | D:13     | Killed Nessos
 66375 | D:13     | Noticed a vault guard
 66377 | D:13     | Noticed a vault guard
 66382 | D:13     | Killed a vault guard
 66391 | D:13     | Killed a vault guard
 66391 | D:13     | Reached skill level 19 in Air Magic
 66532 | D:13     | Found a gate to the Vaults.
 66623 | D:13     | Noticed a centaur warrior
 66627 | D:13     | Killed a centaur warrior
 67118 | D:14     | Found a portal to a secret trove of treasure.
 67143 | D:14     | Identified the cursed +0 leather armour of Hopscotch {*Confuse Dex+4 Stlth+} (You took it off a siren on level 4 of the Shoals)
 67250 | D:14     | Reached XP level 19. HP: 116/135 MP: 34/38
 68463 | D:15     | Entered Level 15 of the Dungeon
 69412 | D:15     | Learned a level 9 spell: Tornado
 70446 | D:15     | Found a staircase to the Depths.
 70807 | D:14     | Received a gift from Sif Muna
 70808 | D:14     | Identified Ined's Catalogue of Combat Magic (Sif Muna gifted it to you on level 14 of the Dungeon)
 70854 | Vaults:1 | Entered Level 1 of the Vaults
 71116 | Vaults:1 | Reached skill level 20 in Air Magic
 71302 | Vaults:1 | Got a faintly glowing leather armour
 72556 | Vaults:1 | Shot with a bolt by a yaktaur captain

Action                   |  1- 3 |  4- 6 |  7- 9 | 10-12 | 13-15 | 16-18 | 19-21 || total
-------------------------+-------+-------+-------+-------+-------+-------+-------++-------
Melee: Spear             |     3 |       |       |       |       |       |       ||     3
       Dagger            |    65 |   141 |   393 |   227 |     3 |       |       ||   829
       Great sword       |       |       |       |   323 |   901 |   811 |   189 ||  2224
       Blowgun           |       |       |       |     1 |       |       |       ||     1
       Staff             |       |       |       |       |     2 |       |       ||     2
 Fire: Blowgun           |       |       |     8 |    32 |     6 |       |       ||    46
Throw: Tomahawk          |       |       |       |     1 |       |       |       ||     1
 Cast: Sandblast         |    57 |    13 |       |       |       |       |       ||    70
       Stone Arrow       |       |    46 |    84 |   188 |       |       |       ||   318
       Airstrike         |       |       |       |    54 |   947 |  1152 |   242 ||  2395
       Deflect Missiles  |       |       |       |       |     7 |    13 |       ||    20
       Haste             |       |       |       |       |    11 |    17 |     2 ||    30
       Regeneration      |       |       |       |       |    10 |    25 |     5 ||    40
       Shroud of Golubri |       |       |       |       |     8 |    21 |     2 ||    31
       Spectral Weapon   |       |       |       |       |     8 |     3 |     1 ||    12
       Freezing Cloud    |       |       |       |       |     6 |    28 |     6 ||    40
       Ozocubu's Armour  |       |       |       |       |       |    22 |     4 ||    26
       Tornado           |       |       |       |       |       |       |     4 ||     4
Invok: Channel Energy    |       |       |       |       |     9 |     8 |    11 ||    28
Evoke: Wand              |       |       |     1 |     3 |     9 |     3 |       ||    16
  Use: Scroll            |       |    11 |     7 |    12 |    18 |     8 |     5 ||    61
       Potion            |       |     1 |     2 |    11 |     1 |     6 |     2 ||    23
 Stab: Sleeping          |       |     2 |     7 |     5 |     7 |       |       ||    21
       Distracted        |       |       |     1 |     2 |     3 |       |       ||     6
       Invisible         |       |       |       |       |       |     1 |       ||     1
  Eat: Chunk             |     4 |     9 |    15 |    29 |    44 |    32 |    17 ||   150
       Meat ration       |       |     1 |       |       |     7 |     9 |     1 ||    18
       Royal jelly       |       |       |       |     3 |     4 |     3 |       ||    10
       Fruit             |       |       |       |     3 |     6 |    10 |       ||    19
       Beef jerky        |       |       |       |       |     1 |     1 |       ||     2
       Pizza             |       |       |       |       |       |     1 |       ||     1
